TOP OF THE 1ST |
Connecticut Tigers batting - Pitching for Staten Island Yankees : RHP Ben Cunningham
|
Pitching: RHP Ben Cunningham
|
|
Batting: RHB Janne Vihko
|
0-0: Foul Ball, location: 2F 0-1: Hit by Pitch
|
Batting: SHB Ian Arlotta
|
0-0: Ball 1-0: Foul Ball, location: 2F 1-1: Ball 2-1: Ball 3-1: Swinging Strike 3-2: Strikes out looking
|
Batting: RHB Jaden Warrior
|
0-0: Ball 1-0: Ball 2-0: Ball 3-0: Called Strike 3-1: Base on Balls Janne Vihko to second
|
Batting: LHB Afanasy Zasekin
|
0-0: Ball 1-0: Ball 2-0: Ball 3-0: Foul Ball, location: 2F 3-1: Foul Ball, location: 2F 3-2: Base on Balls Janne Vihko to third Jaden Warrior to second
|
Batting: RHB Jeremiah Washington
|
0-0: Ball 1-0: Fielders Choice at 2nd, 3-6 (Groundball, 34, EV 80.0 MPH) Janne Vihko scores Jaden Warrior to third
|
Batting: LHB Antonio Luis
|
0-0: SINGLE (Line Drive, 56D, EV 105.6 MPH) Jaden Warrior scores Jeremiah Washington to second
|
Batting: RHB Yankel Pensak
|
0-0: Called Strike 0-1: Ball 1-1: Called Strike 1-2: Ball 2-2: Strikes out looking
|
Top of the 1st over - 2 runs, 1 hit, 0 errors, 2 left on base; Connecticut 2 - Staten Island 0 |
BOTTOM OF THE 1ST |
Staten Island Yankees batting - Pitching for Connecticut Tigers : RHP Alan Grossfeld
|
Pitching: RHP Alan Grossfeld
|
|
Batting: RHB Norimoto Miyanishi
|
0-0: Ball 1-0: Ball 2-0: Ball 3-0: Called Strike 3-1: SINGLE (Line Drive, 6D, EV 96.9 MPH)
|
Batting: RHB Edite Leoni
|
0-0: Ball Norimoto Miyanishi steals 2nd, throwing error, E2 Norimoto Miyanishi to third 1-0: Foul Ball, location: 2F 1-1: Ground out 6-3 (Groundball, 6, EV 89.4 MPH) Norimoto Miyanishi scores
|
Batting: RHB Pat Pemberton
|
0-0: Ground out 6-3 (Groundball, 6, EV 85.6 MPH)
|
Batting: SHB Tadaaki Kondo
|
0-0: Ball 1-0: Ball 2-0: Foul Ball, location: 2F 2-1: DOUBLE (Groundball, 5L, EV 106.9 MPH)
|
Batting: LHB Mike Schermerhorn
|
0-0: Ball 1-0: Ball 2-0: Swinging Strike 2-1: Ball 3-1: Base on Balls
|
Batting: RHB Brad Wren
|
0-0: DOUBLE (Flyball, 8LXD, EV 91.9 MPH) Tadaaki Kondo scores Mike Schermerhorn to third Runner from 3rd tries for Home, SAFE, throw by CF to home
|
Batting: RHB Matt Thompson
|
0-0: Ball 1-0: Foul Ball, location: 2F 1-1: Foul Ball, location: 2F 1-2: Foul Ball, location: 2F 1-2: Ball 2-2: Foul Ball, location: 2F 2-2: Ball 3-2: Ground out 1-3 (Groundball, 34S, EV 62.5 MPH)
|
Bottom of the 1st over - 3 runs, 3 hits, 1 error, 1 left on base; Connecticut 2 - Staten Island 3 |
TOP OF THE 2ND |
Connecticut Tigers batting - Pitching for Staten Island Yankees : RHP Ben Cunningham
|
Batting: LHB Tokugoro Adachi
|
0-0: Ground out 5-3 (Groundball, 15, EV 77.5 MPH)
|
Batting: RHB Kaleb Yerger
|
0-0: Ball 1-0: Foul Ball, location: 2F 1-1: Fly out, F9 (Line Drive, 9S, EV 91.9 MPH)
|
Batting: RHB Janne Vihko
|
0-0: Ground out 3-1 (Groundball, 13, EV 91.9 MPH)
|
Top of the 2nd over - 0 runs, 0 hits, 0 errors, 0 left on base; Connecticut 2 - Staten Island 3 |
BOTTOM OF THE 2ND |
Staten Island Yankees batting - Pitching for Connecticut Tigers : RHP Alan Grossfeld
|
Batting: RHB Jesus Ruiz
|
0-0: Ball 1-0: Called Strike 1-1: Ball 2-1: Ball 3-1: Called Strike 3-2: Strikes out swinging
|
Batting: RHB Danny Ayala
|
0-0: Swinging Strike 0-1: Ball 1-1: Ball 2-1: Ball 3-1: Base on Balls
|
Batting: RHB Norimoto Miyanishi
|
0-0: Ball Wild Pitch! Danny Ayala to second 1-0: Ball 2-0: Swinging Strike 2-1: Called Strike 2-2: Ball Wild Pitch! Danny Ayala to third 3-2: Strikes out swinging
|
Batting: RHB Edite Leoni
|
0-0: Called Strike 0-1: Ball 1-1: Ground out 5-3 (Groundball, 5L, EV 109.4 MPH)
|
Bottom of the 2nd over - 0 runs, 0 hits, 0 errors, 1 left on base; Connecticut 2 - Staten Island 3 |
TOP OF THE 3RD |
Connecticut Tigers batting - Pitching for Staten Island Yankees : RHP Ben Cunningham
|
Batting: SHB Ian Arlotta
|
0-0: Ball 1-0: Ball 2-0: SINGLE (Groundball, 3S, EV 70.0 MPH) (infield hit)
|
Batting: RHB Jaden Warrior
|
0-0: Ball 1-0: Ball 2-0: Called Strike 2-1: Ball 3-1: Grounds into double play, 6-4-3 (Groundball, 6, EV 100.6 MPH)
|
Batting: LHB Afanasy Zasekin
|
0-0: Foul Ball, location: 2F 0-1: Ball 1-1: Foul Ball, location: 2F 1-2: SINGLE (Groundball, 34D, EV 98.1 MPH)
|
Batting: RHB Jeremiah Washington
|
0-0: Fly out, F8 (Flyball, 8RXD, EV 80.6 MPH)
|
Top of the 3rd over - 0 runs, 2 hits, 0 errors, 1 left on base; Connecticut 2 - Staten Island 3 |
BOTTOM OF THE 3RD |
Staten Island Yankees batting - Pitching for Connecticut Tigers : RHP Alan Grossfeld
|
Batting: RHB Pat Pemberton
|
0-0: Called Strike 0-1: Fly out, F3 (Line Drive, 34, EV 72.5 MPH)
|
Batting: SHB Tadaaki Kondo
|
0-0: Called Strike 0-1: Called Strike 0-2: Foul Ball, location: 2F 0-2: Ball 1-2: Ball 2-2: Ball 3-2: Foul Ball, location: 2F 3-2: Foul Ball, location: 2F 3-2: Ground out U3 (Groundball, 3, EV 103.8 MPH)
|
Batting: LHB Mike Schermerhorn
|
0-0: Called Strike 0-1: Called Strike 0-2: Strikes out looking
|
Bottom of the 3rd over - 0 runs, 0 hits, 0 errors, 0 left on base; Connecticut 2 - Staten Island 3 |
TOP OF THE 4TH |
Connecticut Tigers batting - Pitching for Staten Island Yankees : RHP Ben Cunningham
|
Batting: LHB Antonio Luis
|
0-0: Ball 1-0: Ball 2-0: Ball 3-0: Called Strike 3-1: Fly out, F8 (Flyball, 8LXD, EV 85.6 MPH)
|
Batting: RHB Yankel Pensak
|
0-0: Foul Ball, location: 2F 0-1: Ball 1-1: Ball 2-1: Ground out 5-3 (Groundball, 56, EV 106.9 MPH)
|
Batting: LHB Tokugoro Adachi
|
0-0: Ball 1-0: Foul Ball, location: 2F 1-1: Ball 2-1: Ball 3-1: Fly out, F8 (Line Drive, 8RD, EV 95.0 MPH)
|
Top of the 4th over - 0 runs, 0 hits, 0 errors, 0 left on base; Connecticut 2 - Staten Island 3 |
BOTTOM OF THE 4TH |
Staten Island Yankees batting - Pitching for Connecticut Tigers : RHP Alan Grossfeld
|
Batting: RHB Brad Wren
|
0-0: Ball 1-0: Called Strike 1-1: Ball 2-1: SINGLE (Groundball, 4MD, EV 100.0 MPH)
|
Batting: RHB Matt Thompson
|
0-0: Called Strike 0-1: Ball 1-1: Reached on error, E6 (Groundball, 6, EV 83.8 MPH) Brad Wren to second
|
Batting: RHB Jesus Ruiz
|
0-0: Called Strike 0-1: Ground out 6-3 (Groundball, P, EV 86.9 MPH) Brad Wren to third Matt Thompson to second
|
Batting: RHB Danny Ayala
|
0-0: Ball 1-0: Foul Ball, location: 2F 1-1: Ball 2-1: Ball 3-1: Base on Balls
|
Batting: RHB Norimoto Miyanishi
|
0-0: Called Strike 0-1: Swinging Strike 0-2: Strikes out swinging
|
Batting: RHB Edite Leoni
|
0-0: Called Strike 0-1: Swinging Strike 0-2: Ball 1-2: Strikes out swinging
|
Bottom of the 4th over - 0 runs, 1 hit, 1 error, 3 left on base; Connecticut 2 - Staten Island 3 |
TOP OF THE 5TH |
Connecticut Tigers batting - Pitching for Staten Island Yankees : RHP Ben Cunningham
|
Batting: RHB Kaleb Yerger
|
0-0: Foul Ball, location: 2F 0-1: Foul Ball, location: 2F 0-2: Foul Ball, location: 2F 0-2: Strikes out swinging
|
Batting: RHB Janne Vihko
|
0-0: Fly out, F9 (Flyball, 9, EV 71.2 MPH)
|
Batting: SHB Ian Arlotta
|
0-0: Ball 1-0: Called Strike 1-1: Ball 2-1: Ball 3-1: Foul Ball, location: 2F 3-2: Base on Balls
|
Batting: RHB Jaden Warrior
|
0-0: Called Strike 0-1: Ball 1-1: Ground out 4-3 (Groundball, 34, EV 100.0 MPH)
|
Top of the 5th over - 0 runs, 0 hits, 0 errors, 1 left on base; Connecticut 2 - Staten Island 3 |
BOTTOM OF THE 5TH |
Staten Island Yankees batting - Pitching for Connecticut Tigers : RHP Alan Grossfeld
|
Batting: RHB Pat Pemberton
|
0-0: Foul Ball, location: 2F 0-1: Called Strike 0-2: Ball 1-2: Strikes out swinging
|
Batting: SHB Tadaaki Kondo
|
0-0: Ball 1-0: Fly out, F7 (Flyball, 7, EV 92.5 MPH)
|
Batting: LHB Mike Schermerhorn
|
0-0: Called Strike 0-1: Ball 1-1: Called Strike 1-2: SINGLE (Groundball, 4D, EV 97.5 MPH)
|
Batting: RHB Brad Wren
|
0-0: Called Strike 0-1: Ground out 4-3 (Groundball, 4, EV 108.1 MPH)
|
Bottom of the 5th over - 0 runs, 1 hit, 0 errors, 1 left on base; Connecticut 2 - Staten Island 3 |
TOP OF THE 6TH |
Connecticut Tigers batting - Pitching for Staten Island Yankees : RHP Ben Cunningham
|
Batting: LHB Afanasy Zasekin
|
0-0: Ball 1-0: Called Strike 1-1: Foul Ball, location: 2F 1-2: Ball 2-2: Foul Ball, location: 2F 2-2: Foul Ball, location: 2F 2-2: Strikes out looking
|
Pitching: LHP Loo Lei
|
|
Batting: RHB Jeremiah Washington
|
0-0: Ground out 4-3 (Groundball, 4, EV 92.5 MPH)
|
Batting: LHB Antonio Luis
|
0-0: Ball 1-0: Ball 2-0: Ball 3-0: Called Strike 3-1: Reached on error, E4 (Groundball, 4, EV 106.9 MPH)
|
Batting: RHB Yankel Pensak
|
0-0: Ground out 5-3 (Groundball, 56S, EV 65.6 MPH)
|
Top of the 6th over - 0 runs, 0 hits, 1 error, 1 left on base; Connecticut 2 - Staten Island 3 |
BOTTOM OF THE 6TH |
Staten Island Yankees batting - Pitching for Connecticut Tigers : RHP Alan Grossfeld
|
Batting: RHB Matt Thompson
|
0-0: Called Strike 0-1: Ball 1-1: Called Strike 1-2: Foul Ball, location: 2F 1-2: Strikes out swinging
|
Batting: RHB Jesus Ruiz
|
0-0: SINGLE (Groundball, 34D, EV 97.5 MPH)
|
Batting: RHB Danny Ayala
|
0-0: Swinging Strike 0-1: Ball 1-1: Foul Ball, location: 2F 1-2: Strikes out looking
|
Batting: RHB Norimoto Miyanishi
|
0-0: Ball 1-0: Fly out, F8 (Flyball, 8RM, EV 91.2 MPH)
|
Bottom of the 6th over - 0 runs, 1 hit, 0 errors, 1 left on base; Connecticut 2 - Staten Island 3 |
TOP OF THE 7TH |
Connecticut Tigers batting - Pitching for Staten Island Yankees : LHP Loo Lei
|
Batting: LHB Tokugoro Adachi
|
0-0: SINGLE (Groundball, 34D, EV 108.1 MPH)
|
Batting: RHB Kaleb Yerger
|
0-0: Called Strike 0-1: SINGLE (Line Drive, 78M, EV 98.1 MPH) Tokugoro Adachi to second
|
Batting: RHB Janne Vihko
|
0-0: Ball 1-0: Fly out, F8 (Flyball, 8LD, EV 97.5 MPH)
|
Batting: SHB Ian Arlotta
|
0-0: Ball 1-0: Swinging Strike 1-1: Ball Wild Pitch! Tokugoro Adachi to third Kaleb Yerger to second 2-1: Ball 3-1: Base on Balls
|
Batting: RHB Jaden Warrior
|
0-0: Ball 1-0: Called Strike 1-1: SINGLE (Flyball, 34D, EV 93.8 MPH) Tokugoro Adachi scores Kaleb Yerger to third Ian Arlotta to second Runner from 3rd tries for Home, SAFE, throw by RF to home
|
Batting: LHB Afanasy Zasekin
|
0-0: Fly out, F9 (Line Drive, 9D, EV 96.9 MPH)
|
Batting: RHB Jeremiah Washington
|
0-0: Ball 1-0: Called Strike 1-1: Ball 2-1: Foul Ball, location: 2F 2-2: Foul Ball, location: 2F 2-2: Foul Ball, location: 2F 2-2: Ground out 1-3 (Groundball, P, EV 68.8 MPH)
|
Top of the 7th over - 2 runs, 3 hits, 0 errors, 2 left on base; Connecticut 4 - Staten Island 3 |
BOTTOM OF THE 7TH |
Staten Island Yankees batting - Pitching for Connecticut Tigers : RHP Alan Grossfeld
|
Pitching: RHP Juan Murillo
|
|
Now at 1B: Tony Nunez
|
|
Batting: RHB Edite Leoni
|
0-0: Swinging Strike 0-1: Called Strike 0-2: Strikes out looking
|
Batting: RHB Pat Pemberton
|
0-0: Called Strike 0-1: Called Strike 0-2: Ball 1-2: Ball 2-2: Ball 3-2: Strikes out swinging
|
Batting: SHB Tadaaki Kondo
|
0-0: Foul Ball, location: 2F 0-1: Ball 1-1: Swinging Strike 1-2: Strikes out looking
|
Bottom of the 7th over - 0 runs, 0 hits, 0 errors, 0 left on base; Connecticut 4 - Staten Island 3 |
TOP OF THE 8TH |
Connecticut Tigers batting - Pitching for Staten Island Yankees : LHP Loo Lei
|
Batting: LHB Antonio Luis
|
0-0: Fly out, F8 (Flyball, 8LXD, EV 108.8 MPH)
|
Batting: RHB Yankel Pensak
|
0-0: Ball 1-0: Ball 2-0: Foul Ball, location: 2F 2-1: SINGLE (Groundball, 6MD, EV 96.2 MPH)
|
Batting: LHB Tokugoro Adachi
|
0-0: Called Strike 0-1: Ball 1-1: Fielders Choice at 2nd, 1-6 (Groundball, 34S, EV 60.6 MPH)
|
Batting: RHB Kaleb Yerger
|
0-0: Ball 1-0: Called Strike 1-1: Ball 2-1: Ball 3-1: Fly out, F4 (Popup, 4M, EV 53.8 MPH)
|
Top of the 8th over - 0 runs, 1 hit, 0 errors, 1 left on base; Connecticut 4 - Staten Island 3 |
BOTTOM OF THE 8TH |
Staten Island Yankees batting - Pitching for Connecticut Tigers : RHP Juan Murillo
|
Pitching: LHP Victor Villarreal
|
|
Pinch Hitting: RHB Jon Pierce
|
0-0: Fly out, F5 (Flyball, 5D, EV 92.5 MPH)
|
Batting: RHB Brad Wren
|
0-0: Called Strike 0-1: Called Strike 0-2: Strikes out swinging
|
Batting: RHB Matt Thompson
|
0-0: Ball 1-0: Swinging Strike 1-1: Ball 2-1: Ball 3-1: Base on Balls
|
Batting: RHB Jesus Ruiz
|
0-0: SINGLE (Groundball, 56, EV 105.0 MPH) Matt Thompson to second
|
Batting: RHB Danny Ayala
|
0-0: Ball 1-0: Called Strike 1-1: Hit by Pitch Matt Thompson to third Jesus Ruiz to second
|
Batting: RHB Norimoto Miyanishi
|
0-0: Foul Ball, location: 2F 0-1: Foul Ball, location: 2F 0-2: Fielders Choice at 2nd, 6-4 (Groundball, 6, EV 85.0 MPH)
|
Bottom of the 8th over - 0 runs, 1 hit, 0 errors, 3 left on base; Connecticut 4 - Staten Island 3 |
TOP OF THE 9TH |
Connecticut Tigers batting - Pitching for Staten Island Yankees : LHP Loo Lei
|
Now in RF: Jon Pierce
|
|
Batting: RHB Janne Vihko
|
0-0: Ground out 1-3 (Groundball, 13S, EV 68.8 MPH)
|
Batting: SHB Ian Arlotta
|
0-0: Ball 1-0: Ground out 5-3 (Groundball, 56, EV 78.1 MPH)
|
Batting: RHB Tony Nunez
|
0-0: SINGLE (Groundball, 34D, EV 103.8 MPH)
|
Batting: LHB Afanasy Zasekin
|
0-0: Called Strike 0-1: Foul Ball, location: 2F 0-2: Foul Ball, location: 2F 0-2: Foul Ball, location: 2F 0-2: SINGLE (Groundball, 34D, EV 96.9 MPH) Tony Nunez to second Runner from 2nd tries for 3rd, SAFE, no throw by RF
|
Batting: RHB Jeremiah Washington
|
0-0: Ball 1-0: Ground out 4-3 (Groundball, 4D, EV 95.6 MPH)
|
Top of the 9th over - 0 runs, 2 hits, 0 errors, 2 left on base; Connecticut 4 - Staten Island 3 |
BOTTOM OF THE 9TH |
Staten Island Yankees batting - Pitching for Connecticut Tigers : LHP Victor Villarreal
|
Batting: RHB Edite Leoni
|
0-0: Called Strike 0-1: Foul Ball, location: 2F 0-2: Foul Ball, location: 2F 0-2: Ball 1-2: Ball 2-2: Ground out 5-3 (Groundball, 56, EV 80.6 MPH)
|
Batting: RHB Pat Pemberton
|
0-0: Called Strike 0-1: Hit by Pitch
|
Batting: SHB Tadaaki Kondo
|
0-0: Ball 1-0: Called Strike 1-1: Called Strike 1-2: Foul Ball, location: 2F 1-2: Strikes out looking
|
Batting: RHB Jon Pierce
|
0-0: SINGLE (Groundball, 3D, EV 106.9 MPH) Pat Pemberton to second Runner from 2nd tries for 3rd, OUT! 9-5
|
Bottom of the 9th over - 0 runs, 1 hit, 0 errors, 1 left on base; Connecticut 4 - Staten Island 3 |
|